 Dungeon Crawl Stone Soup version 0.31-a0-1183-gd88bbb8b4d (webtiles) character file.

Game seed: 5847069397784323475

220 qw the Shooter (level 5, -1/33 HPs)
             Began as a Gargoyle Hunter on Dec 11, 2023.
             Slain by an orc
             ... wielding a +0 club
              (4 damage)
             ... on level 4 of the Dungeon.
             The game lasted 00:00:52 (2503 turns).

qw the Shooter (Gargoyle Hunter)                    Turns: 2503, Time: 00:00:53

Health: -1/33      AC:  9    Str: 14    XL:     5   Next: 97%
Magic:  5/5        EV: 11    Int: 10    God:
Gold:   242        SH:  0    Dex: 21    Spells: 4/4 levels left

rFire   + . .        a - +0 shortbow (heavy)
rCold   + . .        (shield currently unavailable)
rNeg    + . .        i - +0 ring mail
rPois   inf          (no helmet)
rElec   +            e - scarf {rC+ rF+}
rCorr   .            (no gloves)
SInv    .            (no boots)
Will    .....        (no amulet)
Stlth   +            g - +6 ring of dexterity
HPRegen 0.25/turn    (no ring)
MPRegen 0.09/turn

%: no passive effects
@: about to teleport
A: sickness immunity, AC +4, negative energy resistance 1, electricity
resistance, torment resistance 1, petrification resistance
a: no special abilities


You were on level 4 of the Dungeon.
You visited 1 branch of the dungeon, and saw 4 of its levels.

You collected 242 gold pieces.


Innate Abilities, Weirdness & Mutations

You are immune to sickness and miasma.
Your stone body is resilient. (AC +4)
You are immune to poison.
You resist negative energy. (rN+)
You are resistant to electric shocks. (rElec)
You are resistant to unholy torment.
You are immune to petrification.


   Skills:
 + Level 3.9 Fighting
 - Level 6.1 Ranged Weapons
 - Level 1.2 Armour
 - Level 1.5 Dodging
 - Level 1.1 Stealth


You had 4 spell levels left.
You didn't know any spells.
Your spell library was empty.

Inventory:

Hand Weapons
 a - a +0 heavy shortbow (weapon)
Armour
 e - a scarf of resistance (worn)
 i - a +0 ring mail (worn)
Jewellery
 g - a +6 ring of dexterity (left hand)
Wands
 h - a wand of polymorph (2)
Scrolls
 c - 2 scrolls of identify
 f - a scroll of poison {unknown}
Potions
 b - a potion of might {unknown}
 j - a potion of haste
 k - 2 potions of enlightenment {unknown}
 m - a potion of curing

Dungeon Overview and Level Annotations

Branches:
Dungeon (4/15)
 Temple: D:4-7

Altars:


Message History

The orc barely misses you. The orc hits you but does no damage.
The howler monkey hits you. The orc hits you but does no damage.
The orc hits you with a +0 club. The orc closely misses you.
The orc hits you but does no damage. The howler monkey hits you.
You shoot an arrow. The arrow hits the howler monkey!!
You kill the howler monkey!
The orc hits you but does no damage. The sleepcap completely misses you.
The orc hits you but does no damage. The orc barely misses you.
The orc hits you with a +0 mace.
The sleepcap releases spores at you but does no damage.
The orc hits you but does no damage. x3; The orc completely misses you.
The orc hits you with a +0 club.
You shoot an arrow. The arrow hits the sleepcap.
The sleepcap is moderately damaged.
The sleepcap releases spores at you. The orc hits you with a +0 club.
The orc hits you but does no damage. The orc closely misses you.
The orc hits you but does no damage. x2
You shoot an arrow.
The arrow hits the sleepcap but does no damage.
The sleepcap is moderately damaged.
The orc barely misses you.
The sleepcap releases spores at you but does no damage.
The orc completely misses you. The orc barely misses you.
The orc hits you but does no damage. The orc barely misses you.
The sleepcap closely misses you. The orc closely misses you. x2
The orc hits you but does no damage. The orc hits you with a +0 club. x2
You shoot an arrow. The arrow hits the sleepcap.
The sleepcap is moderately damaged.
The orc hits you but does no damage. The sleepcap completely misses you.
The orc hits you with a +0 club. x2; The orc hits you but does no damage. x2
The sleepcap releases spores at you but does no damage.
The orc closely misses you. The orc hits you with a +0 mace.
The orc hits you but does no damage. The orc misses you.
The orc hits you with a +0 club.
2503 ||| READING scroll of teleportation.
As you read the scroll of teleportation, it crumbles to dust.
You feel strangely unstable. The orc misses you.
The sleepcap releases spores at you. The orc hits you with a +0 club.
You die...

....#.#
....#.#.#.......
#+###.#.#........#.
#.# #.#........... ##
#.# #.#.. ....... #
.. #.# #.#.# ...o.
.#.# #.###.#.#
#.o##...#
#.#...#.######.oof..#
..#...........oo@#
..#####.######.oo#
....###........#.#
.##.##.###...#.#.#
.##.#..#.#..<#.#.#
.##.#.#.8.#..#.#.#
.##.#..#.#..##.#.#
.##.##.###.....#.#
.##.##...%..####..


You could see a sleepcap and 8 orcs.

Vanquished Creatures
  A howler monkey (D:4)
  A hound (D:4)
  An iguana (D:4)
  4 adders
  3 dart slugs
  5 orcs
  9 ball pythons
  8 bats
  5 endoplasms
  7 giant cockroaches
  6 hobgoblins
  3 quokkas
  5 frilled lizards (D:1)
  6 goblins
  9 kobolds
  4 rats
77 creatures vanquished.

Notes
Turn   | Place    | Note
-------+----------+-------------------------------------------
     0 | D:1      | qw the Gargoyle Hunter began the quest for the Orb.
     0 | D:1      | Reached XP level 1. HP: 12/12 MP: 1/1
     0 | D:1      | 0 ||| qw: Version: 0.3-a-106-g2cfff9e
     0 | D:1      | 0 ||| qw: Game counter: 2108
     0 | D:1      | 0 ||| qw: Melee chars always use a shield: true
     0 | D:1      | 0 ||| qw: God list: Okawaru
     0 | D:1      | 0 ||| qw: Allow faded altars: false
     0 | D:1      | 0 ||| qw: Do Orc after clearing Dungeon:15 true
     0 | D:1      | 0 ||| qw: Do second Lair branch before Depths: true
     0 | D:1      | 0 ||| qw: Lair rune preference: random
     0 | D:1      | 0 ||| qw: Goals: Normal, Save, Zot:1-4, Win
     0 | D:1      | 0 ||| PLANNING D:1-11
    72 | D:1      | Reached XP level 2. HP: 17/17 MP: 2/2
    82 | D:1      | HP: 4/17 [dart slug/slug dart (3)]
   421 | D:1      | Reached XP level 3. HP: 21/21 MP: 3/3
   504 | D:1      | Reached skill level 5 in Ranged Weapons
   792 | D:1      | 792 ||| UPGRADING to +6 ring of dexterity.
   793 | D:1      | 793 ||| READING scroll labelled XOTOESHEAGU.
   796 | D:1      | 796 ||| READING scroll labelled PAM YTRETH.
   797 | D:1      | 797 ||| READING scroll labelled UNONO VULOURAW.
   798 | D:1      | 798 ||| DROPPING scroll of butterflies.
   884 | D:2      | Reached skill level 3 in Fighting
   926 | D:2      | Reached XP level 4. HP: 28/28 MP: 4/4
  1481 | D:2      | 1481 ||| UPGRADING to scarf of resistance.
  1486 | D:2      | 1486 ||| UPGRADING to +0 ring mail.
  1496 | D:2      | 1496 ||| DROPPING +0 leather armour.
  1497 | D:2      | 1497 ||| READING scroll labelled XIMYIFISTU.
  1498 | D:2      | 1498 ||| READING 4 scrolls labelled BUL JIETHI.
  1499 | D:2      | 1499 ||| READING 3 scrolls labelled ZOKOHAEXOSH.
  1499 | D:2      | 1499 ||| IDENTIFYING fuming yellow potion
  1500 | D:2      | 1500 ||| READING 2 scrolls of identify.
  1500 | D:2      | 1500 ||| IDENTIFYING metallic yellow potion
  1501 | D:2      | 1501 ||| READING scroll of identify.
  1501 | D:2      | 1501 ||| IDENTIFYING fuming green potion
  1502 | D:2      | 1502 ||| READING scroll labelled WECO HIHAKHLESURUZO.
  1503 | D:2      | 1503 ||| READING scroll labelled WEIDWU PAWUBB.
  1503 | D:2      | 1503 ||| BRANDING +0 shortbow.
  1504 | D:2      | 1504 ||| DROPPING 3 scrolls of fear.
  1505 | D:2      | 1505 ||| DROPPING potion of lignification.
  2108 | D:3      | 2108 ||| READING 4 scrolls of identify.
  2108 | D:3      | 2108 ||| IDENTIFYING orange potion
  2109 | D:3      | 2109 ||| READING 3 scrolls of identify.
  2109 | D:3      | 2109 ||| IDENTIFYING fuming inky potion
  2110 | D:3      | 2110 ||| DROPPING potion of brilliance.
  2111 | D:3      | 2111 ||| DROPPING potion of attraction.
  2182 | D:4      | Reached skill level 1 in Armour
  2182 | D:4      | Reached XP level 5. HP: 32/32 MP: 5/5
  2426 | D:4      | Reached skill level 6 in Ranged Weapons
  2502 | D:4      | HP: 8/33 [orc/+0 club (1)]
  2503 | D:4      | 2503 ||| READING scroll of teleportation.
  2503 | D:4      | HP: 3/33 [sleepcap (6)]
  2503 | D:4      | Slain by an orc

Levels and vault maps discovered:
D:1:      lightli_arrival_maybe_door_vault, layout_loops_cross
D:2:      layout_loops_ring, minmay_pentomino_pile
D:3:      layout_loops_cross, mrwooster_statue_mirror
D:4:      layout_basic, ashenzari_altar_1, minmay_liquid_box, st_stairs_5,
          grunt_decor_one_mirror, corexii_checkpoint, nicolae_figureground_pulse

Skill      XL: |  1  2  3  4  5 |
---------------+----------------+-----
Ranged Weapons | 5 6 |  6.1
Fighting       | 3 |  3.9
Armour         | 1 |  1.2
Dodging        | |  1.5
Stealth        | |  1.1

Action                     |  1- 3 |  4- 6 || total
---------------------------+-------+-------++-------
   Fire: Shortbow          |   101 |    86 ||   187
    Use: Scroll            |     3 |    10 ||    13
 Armour: Leather armour    |    21 |     4 ||    25
         Ring mail         |       |    53 ||    53
  Dodge: Dodged            |    24 |    39 ||    63

Table legend:
 A = Non-vault XP
 B = Vault XP
 C = Vault XP percentage of total XP
 D = Non-vault monster count
 E = Vault monster count
 F = Vault count percentage of total count
                 A         B        C        D         E       F
            +---------+---------+-------+---------+---------+-------
      Total |     242 |      73 |  23.2 |      73 |       4 |   5.2
            +---------+---------+-------+---------+---------+-------
        D:1 |      48 |       0 |   0.0 |      29 |       0 |   0.0
        D:2 |      77 |      16 |  17.2 |      28 |       3 |   9.7
        D:3 |       8 |       0 |   0.0 |       5 |       0 |   0.0
        D:4 |     109 |      57 |  34.3 |      11 |       1 |   8.3
            +---------+---------+-------+---------+---------+-------
